 Dungeon Crawl Stone Soup version 0.25-a0-166-g16436c4407 (webtiles) character file.

Game seed: 10060480988540694312, levelgen mode: deterministic

690 1player the Cudgeler (level 7, -3/55 (56) HPs)
             Began as a Formicid Abyssal Knight on Nov 24, 2019.
             Was a Believer of Lugonu.
             Slain by an ogre
             ... wielding a +0 giant club
              (21 damage)
             ... on level 5 of the Dungeon.
             The game lasted 00:13:51 (6352 turns).

1player the Cudgeler (Formicid Abyssal Knight)      Turns: 6352, Time: 00:13:51

HP:   -3/55 (56)    AC:  5    Str: 17    XL:     7   Next: 95%
MP:   8/8           EV:  9    Int: 12    God:    Lugonu [**....]
Gold: 163           SH: 10    Dex: 11    Spells: 6/6 levels left

rFire    . . .     SeeInvis +   a - +2 mace
rCold    . . .     Gourm    .   t - +1 shield
rNeg     . . .     Faith    .   i - +0 ring mail
rPois    .         Spirit   .   (helmet unavailable)
rElec    .         Reflect  .   k - scarf {cloud immunity}
rCorr    .         Harm     .   (no gloves)
MR       .....                  (no boots)
Stlth    +.........             (no amulet)
HPRegen  0.18/turn              (no ring)
MPRegen  0.11/turn              (no ring)

@: no status effects
A: permanent stasis, dig shafts and tunnels, four strong arms, antennae 3
a: Dig, Shaft Self, Depart the Abyss, Bend Space, Renounce Religion


You were on level 5 of the Dungeon.
You worshipped Lugonu.
Lugonu was pleased with you.
You were not hungry.

You visited 1 branch of the dungeon, and saw 5 of its levels.
You visited the Abyss 1 time.

You collected 163 gold pieces.

Inventory:

Hand Weapons
 a - a +2 mace (weapon)
 y - a +0 morningstar
Missiles
 E - an atropa-tipped dart (quivered)
Armour
 i - a +0 ring mail (worn)
 k - a scarf of cloud immunity (worn)
 t - a +1 shield (worn)
 C - a +0 buckler
Wands
 B - a wand of paralysis (6)
Scrolls
 g - 3 scrolls of identify {@r1}
 m - a scroll of immolation
 r - a scroll of noise
Potions
 j - 2 potions of flight
 u - 2 potions of magic
 w - 4 potions of mutation {!q}
 z - a potion of agility
 D - a potion of brilliance {unknown}
Comestibles
 e - 5 rations {!d}


   Skills:
 + Level 5.3 Fighting
 * Level 5.7 Maces & Flails
 - Level 3.3 Armour
 - Level 0.8 Dodging
 + Level 4.1 Shields
 - Level 2.6 Invocations


You had 6 spell levels left.
You didn't know any spells.
Your spell library was empty.

Dungeon Overview and Level Annotations

Branches:
Dungeon (5/15)
 Temple: D:4-7

Altars:
Cheibriados
Vehumet

Annotations:
D:4 Ijyb


Innate Abilities, Weirdness & Mutations

You cannot be hasted, slowed, berserked, paralysed or teleported.
You can dig through walls and to a lower floor.
Your four strong arms can wield two-handed weapons with a shield.
You have a pair of large antennae on your head. (SInv)


Message History

Throwing (i - inventory)
E - 3 atropa-tipped darts (quivered)
Press: ? - help, Shift-Dir - straight line, f/p - ogre
Aim: an ogre, wielding a +0 giant club (chance to blind on hit: 27%)
You throw an atropa-tipped dart. The atropa-tipped dart hits the ogre.
The ogre resists.
You hear the brisk rusting of a very distant drain.
The ogre hits you with a +0 giant club.
Throwing (i - inventory)
E - 2 atropa-tipped darts (quivered)
Press: ? - help, Shift-Dir - straight line, f/p - ogre
Aim: an ogre, wielding a +0 giant club (chance to blind on hit: 27%)
You throw an atropa-tipped dart. The atropa-tipped dart hits the ogre.
The ogre resists.
You block the ogre's attack.
You sock the ogre!
The ogre is moderately wounded.
The ogre hits you with a +0 giant club!
* * * LOW HITPOINT WARNING * * *
You hit the ogre.
The ogre is moderately wounded.
The ogre hits you with a +0 giant club!!
You die...

##...........[..<.....
##.............#.#### #####
#####............#
#.....#######.......####..#.#
#................#.## #.#.#
###<#...............# .#
#....##.#....[(...#####..#
#..#. ######.O###........#
##... #.@# ##...##... ####
#..# ###.# ....# .# #.#.... #
# ....## ##...# #...# #...#


You could see an ogre.

Vanquished Creatures
  Duvessa (D:4)
  A necrophage (D:5)
  Dowan (D:4)
  A scorpion (D:3)
  A howler monkey (D:3)
  A crimson imp (D:5)
  An orc wizard (D:3)
  3 worker ants
  Natasha (thrice) (D:2)
  2 adders
  3 oozes
  3 worms
  2 dart slugs (D:2)
  5 leopard geckos
  19 orcs
  4 giant cockroaches
  10 goblins
  9 hobgoblins
  3 kobolds
  3 quokkas
  A ball python (D:2)
  6 bats
  7 frilled lizards
  A quokka skeleton (D:5)
  11 rats
102 creatures vanquished.

Notes
Turn   | Place    | Note
-------+----------+-------------------------------------------
     0 | Abyss:1  | 1player the Formicid Abyssal Knight began the quest for the
                  | Orb.
     0 | Abyss:1  | Reached XP level 1. HP: 18/18 MP: 2/2
    34 | Abyss:1  | Noticed a ynoxinul
    35 | D:1      | Escaped the Abyss
   214 | D:1      | Reached XP level 2. HP: 14/24 MP: 3/3
   217 | D:1      | Reached * piety under Lugonu
   628 | D:1      | Reached XP level 3. HP: 29/29 MP: 4/4
  1006 | D:2      | Noticed Natasha
  1587 | D:2      | Reached XP level 4. HP: 25/37 MP: 5/5
  1872 | D:2      | Killed Natasha
  1872 | D:2      | Reached skill level 1 in Shields
  2606 | D:2      | Noticed Natasha
  2614 | D:2      | Killed Natasha
  2614 | D:2      | Reached XP level 5. HP: 27/42 MP: 6/6
  2727 | D:2      | Noticed Natasha
  2743 | D:2      | Killed Natasha
  2989 | D:2      | Reached ** piety under Lugonu
  3612 | D:3      | Reached XP level 6. HP: 23/48 MP: 7/7
  4506 | D:3      | Found a snail-covered altar of Cheibriados.
  4625 | D:4      | Noticed Duvessa
  4636 | D:4      | Noticed Dowan
  4650 | D:4      | Killed Duvessa
  4650 | D:4      | Reached XP level 7. HP: 39/55 MP: 8/8
  4759 | D:4      | Killed Dowan
  4759 | D:4      | Reached skill level 5 in Maces & Flails
  5408 | D:3      | Reached skill level 5 in Fighting
  5935 | D:4      | Found a radiant altar of Vehumet.
  5946 | D:4      | Noticed Ijyb
  5955 | D:4      | You fall into a shaft and drop 1 floor!
  5955 | D:5      | Entered Level 5 of the Dungeon
  6352 | D:5      | Slain by an ogre

Levels and vault maps discovered:
D:1:      mrwooster_arrival_statue, layout_loops_ring, minmay_pentomino_o4
D:2:      layout_rooms, uniq_natasha
D:3:      layout_basic, marbit_many_paths
D:4:      layout_basic, vehumet_crystals, kennysheep_little_box,
          temple_doors_cd, ebering_ghost_sewer_d, first_ration, uniq_duvessa,
          uniq_ijyb, uniq_blork_the_orc
D:5:      layout_rooms, okawaru_metal_pillars_1_2, cheibrodos_sewer_entry_bend

Skill      XL: |  1  2  3  4  5  6  7 |
---------------+----------------------+-----
Maces & Flails | 3 4 5 |  5.7
Shields        | 1 2 3 4 |  4.1
Armour         | 3 |  3.3
Fighting       | 4 5 |  5.3
Dodging        | |  0.8
Invocations    | |  2.6

Action                   |  1- 3 |  4- 6 |  7- 9 || total
-------------------------+-------+-------+-------++-------
Melee: Mace              |   104 |   240 |   121 ||   465
Throw: Dart              |       |       |     3 ||     3
Invok: Depart the Abyss  |     1 |       |       ||     1
 Abil: Dig               |       |     2 |       ||     2
       Shaft Self        |       |       |     1 ||     1
  Use: Potion            |       |     4 |     3 ||     7
       Scroll            |       |     8 |     5 ||    13
  Eat: Chunk             |     2 |    10 |     2 ||    14
       Ration            |       |       |     2 ||     2
Armor: Ring mail         |    49 |    69 |    34 ||   152
Dodge: Dodged            |    63 |   102 |    43 ||   208
Block: Shield            |       |    78 |    62 ||   140

Table legend:
 A = Non-vault XP
 B = Vault XP
 C = Vault XP percentage of total XP
 D = Non-vault monster count
 E = Vault monster count
 F = Vault count percentage of total count
                 A         B        C        D         E       F
            +---------+---------+-------+---------+---------+-------
      Total |     715 |     271 |  27.5 |      94 |       8 |   7.8
            +---------+---------+-------+---------+---------+-------
        D:1 |      32 |      13 |  28.9 |      15 |       4 |  21.1
        D:2 |     128 |      35 |  21.5 |      31 |       1 |   3.1
        D:3 |     325 |       3 |   0.9 |      37 |       1 |   2.6
        D:4 |      17 |     220 |  92.8 |       3 |       2 |  40.0
        D:5 |     213 |       0 |   0.0 |       8 |       0 |   0.0
            +---------+---------+-------+---------+---------+-------
